 Dungeon Sprint DCSS version 0.30-a0-743-gbfdf073431 (webtiles) character file.

Game seed: 13342858989788715882

0 BigDaddyOpFi the Sneak (level 1, -3/7 HPs)
             Began as a Felid Earth Elementalist on Feb 7, 2023.
             Was an Initiate of Vehumet.
             Slain by Terence
             ... wielding a +0 flail
              (4 damage)
             ... in the Dungeon (Sprint VI: "Thunderdome").
             The game lasted 00:00:53 (155 turns).

BigDaddyOpFi the Sneak (Felid Earth Elementalist)    Turns: 155, Time: 00:00:54

Health: -3/7       AC:  1    Str: 12    XL:     1   Next: 33%
Magic:  0/4        EV: 19    Int: 16    God:    Vehumet [......]
Gold:   65         SH:  0    Dex: 26    Spells: 3/4 levels left
                                        Lives:  0   Deaths: 0

rFire   + . .      SeeInvis +    (weapon unavailable)
rCold   + . .      Faith    .    (shield unavailable)
rNeg    . . .      Spirit   .    (body armour unavailable)
rPois   .          Reflect  .    (helmet unavailable)
rElec   .          Harm     +    (cloak unavailable)
rCorr   .          Rampage  .    (gloves unavailable)
Will    ++...      NoTele   +    (boots unavailable)
Stlth   ++++                     m - amulet of Mutualism {Harm Regen+ Str+3 Stlth+}
HPRegen 1.01/turn                k - ring of Koqod {rF+ rC+ Will++ Dex+4}
MPRegen 0.09/turn                l - ring of Tempters {Contam Str+5 Dex+6 Slay+2}

@: quick
A: very small, claws 1, fangs 3, see invisible, speed 1, shaggy fur 1, stealthy
paws, no weapons or thrown items, no armour, multi-lived
a: Renounce Religion


You were in the Dungeon.
You worshipped Vehumet.
Vehumet was noncommittal.
You visited 1 branch You collected 200 gold pieces.
You spent 135 gold pieces at shops.

Inventory:

Jewellery
 k - the ring of Koqod (left paw) {rF+ rC+ Will++ Dex+4}
   (You bought it in a shop in the Dungeon)

   [ring of protection from fire]

   Dex:       It affects your dexterity (+4).
   rF:        It protects you from fire.
   rC:        It protects you from cold.
   Will:      It greatly increases your willpower.
 l - the ring of Tempters (right paw) {Contam Str+5 Dex+6 Slay+2}
   (You bought it in a shop in the Dungeon)

   [ring of dexterity]

   Str:       It affects your strength (+5).
   Dex:       It affects your dexterity (+6).
   Slay:      It affects your accuracy & damage with ranged weapons and melee
   (+2).
   Contam:    It causes magical contamination when unequipped.
 m - the amulet of Mutualism (around neck) {Harm Regen+ Str+3 Stlth+}
   (You bought it in a shop in the Dungeon)

   [amulet of regeneration]

   Str:       It affects your strength (+3).
   Regen:     It increases your rate of health regeneration.
   Harm:      It increases damage dealt and taken.
   Stlth:     It makes you more stealthy.
Wands
 h - a wand of quicksilver (5)
 i - a wand of iceblast (5)
Scrolls
 f - 4 scrolls of blinking
 j - 3 scrolls of fog
Potions
 a - 3 potions of magic
 b - a potion of curing
 c - 4 potions of heal wounds
 d - 4 potions of haste
 e - a potion of berserk rage
 g - a potion of resistance


   Skills:
 + Level 3.1 Dodging
 + Level 3.2 Stealth
 + Level 2.2 Spellcasting
 + Level 1.6 Transmutations
 + Level 2.9 Earth Magic


You had 3 spell levels left.
You knew the following spells:

 Your Spells              Type           Power      Damage    Failure   Level
a - Sandblast             Erth           22%        2d7       6%          1

Your spell library contained the following spells:

 Spells                   Type           Power      Damage    Failure   Level
 Passwall                 Tmut/Erth      7%         N/A       12%         2
 Stone Arrow              Conj/Erth      12%        3d7       32%         3
 Petrify                  Tmut/Erth      9%         N/A       61%         4


Dungeon Overview and Level Annotations

Branches:
Dungeon (1/1)

Altars:
Cheibriados
Dithmenos
Fedhas
Gozag
Kikubaaqudgha
Makhleb
Okawaru
Qazlal
Ru
Sif Muna
Trog
Uskayaw
Vehumet
Wu Jian
Xom
Yredelemnul
Zin
The Shining One
Lugonu

Shops:
D *[??*?*:[((!!!!

Annotations:
D Terence


Innate Abilities, Weirdness & Mutations

You have sharp claws.
You have razor-sharp teeth.
You have supernaturally acute eyesight. (SInv)
You cover ground quickly. (Speed+)
You are covered in fur. (AC +1)
Your paws help you pounce on unaware monsters.
You are incapable of wielding weapons or throwing items.
You cannot wear armour.
You gain extra lives every three experience levels.


Message History

Found a shadowy altar of Dithmenos.
Found a stormy altar of Qazlal.
Found Vuito's Staff Store.
Found Otaymism's Must-Have Magic and Qoijo's Magic Scroll Shop.
There is a radiant altar of Vehumet here.
You sit before the altar of Vehumet.
Vehumet welcomes you!
Found Lineled's Magic Scroll Shop.
Found a blossoming altar of Fedhas.
You start waiting.
A kobold comes into view. It is wielding a +0 short sword.
Terence the Incautious comes into view.
He is wielding a +0 flail.
Aiming: Sandblast (safe; 6% risk of failure)
Press: ? - help, Q - select action, (/) - cycle Shift-Dir - straight line, f - kobold
Aim: a kobold, wielding a +0 short sword (wandering, hasn't noticed you, 77% to hit)
The blast of sand hits the kobold!
You kill the kobold!
Vehumet accepts your kill.
Terence shouts!
Aiming: Sandblast (safe; 6% risk of failure)
Press: ? - help, Q - select action, (/) - cycle Shift-Dir - straight line, f - you
Okay, then.
Aiming: Sandblast (safe; 6% risk of failure)
Press: ? - help, Q - select action, (/) - cycle Shift-Dir - straight line, f - Terence
Aim: Terence, wielding a +0 flail and wearing a +0 ring mail (84% to hit)
The blast of sand misses Terence.
Aiming: Sandblast (safe; 6% risk of failure)
Press: ? - help, Q - select action, (/) - cycle Shift-Dir - straight line, f/p - Terence
Aim: Terence, wielding a +0 flail and wearing a +0 ring mail (84% to hit)
The blast of sand hits Terence but does no damage.
Aiming: Sandblast (safe; 6% risk of failure)
Press: ? - help, Q - select action, (/) - cycle Shift-Dir - straight line, f/p - Terence
Aim: Terence, wielding a +0 flail and wearing a +0 ring mail (84% to hit)
The blast of sand hits Terence.
Terence is lightly wounded.
Terence hits you with a +0 flail.
Ouch! That really hurt!
* * * LOW HITPOINT WARNING * * *
Terence hits you with a +0 flail.
Ouch! That really hurt!
You die...

##∩.....∩## #∩.......∩#
#_......._# #_......._#
#_......._# ###.......).###
#⌠...........⌠#
######.8.........8.######
#.___......###.@@..._._∩##
∩........8.# #.8........∩###
...........###.............##
........###...###..........⌠#
........# #.<.# #..........⌠#
........###...###..........⌠#
...........###.............##
∩........8.# #.8........∩###
#∩___......###......._.∩##


You could see Terence.

Vanquished Creatures
  A hobgoblin (D)
  A kobold (D)
2 creatures vanquished.

Notes
Turn   | Place    | Note
-------+----------+-------------------------------------------
     0 | D        | BigDaddyOpFi the Felid Earth Elementalist began the quest
                  | for the Orb.
     0 | D        | Reached XP level 1. HP: 7/7 MP: 4/4
     3 | D        | Found a corrupted altar of Lugonu.
     3 | D        | Found a glowing silver altar of Zin.
     4 | D        | Found a sacrificial altar of Ru.
     4 | D        | Found a basalt altar of Yredelemnul.
     5 | D        | Found a shimmering blue altar of Sif Muna.
     6 | D        | Found an opulent altar of Gozag.
     6 | D        | Found a snail-covered altar of Cheibriados.
     6 | D        | Found Mudycun's Identification Station.
     7 | D        | Found Pigi's Jewellery.
     7 | D        | Found Ygea's Advanced Armour.
     7 | D        | Round 1.
    17 | D        | Bought a coiled glass ring for 45 gold pieces
    17 | D        | Identified the ring of Koqod {rF+ rC+ Will++ Dex+4} (You
                  | bought it in a shop in the Dungeon)
    17 | D        | Bought a brightly glowing iron ring for 45 gold pieces
    17 | D        | Identified the ring of Tempters {Contam Str+5 Dex+6 Slay+2}
                  | (You bought it in a shop in the Dungeon)
    17 | D        | Bought a clouded lead amulet for 45 gold pieces
    17 | D        | Identified the amulet of Mutualism {Harm Regen+ Str+3
                  | Stlth+} (You bought it in a shop in the Dungeon)
    42 | D        | Found a burning altar of Makhleb.
    43 | D        | Found an ornate altar of the Wu Jian Council.
    44 | D        | Found an iron altar of Okawaru.
    45 | D        | Found a glowing golden altar of the Shining One.
    45 | D        | Found a shimmering altar of Xom.
    45 | D        | Found Peonea's Premium Goods.
    45 | D        | Found Jiroprea's Weapon Rack.
    46 | D        | Found Onuim's Miscellaneous Merchandise.
    46 | D        | Found Hiasidub's Basic Armour.
    52 | D        | Found an ancient bone altar of Kikubaaqudgha.
    53 | D        | Found Zubecyte's Do-It-Yourself Clinic.
    54 | D        | Found Waqaig's Bottled Wisdom.
    54 | D        | Found Lestrefen's Distillery.
    55 | D        | Found a hide-covered altar of Uskayaw.
    55 | D        | Found a bloodstained altar of Trog.
    55 | D        | Found Iskin Wei's Distillery.
    59 | D        | Found a radiant altar of Vehumet.
    60 | D        | Found a shadowy altar of Dithmenos.
    61 | D        | Found a stormy altar of Qazlal.
    62 | D        | Found Vuito's Staff Store.
    63 | D        | Found Otaymism's Must-Have Magic.
    63 | D        | Found Qoijo's Magic Scroll Shop.
    67 | D        | Became a worshipper of Vehumet
    68 | D        | Found a blossoming altar of Fedhas.
    68 | D        | Found Lineled's Magic Scroll Shop.
   149 | D        | Noticed Terence
   155 | D        | Slain by Terence

Illustrated notes

Levels and vault maps discovered:
D:        arena_sprint

Skill      XL: |  1 |
---------------+----+-----
Dodging        | 3 |  3.1
Stealth        | 3 |  3.2
Spellcasting   | |  2.2
Transmutations | |  1.6
Earth Magic    | |  2.9

Action                     || total
---------------------------++-------
   Cast: Sandblast         ||     6

Table legend: (Time is in decaauts)
 A = Elapsed time spent in this place.
 B = Non-inter-level travel time spent in this place.
 C = Inter-level travel time spent in this place.
 D = Time resting spent in this place.
 E = Time spent auto-exploring this place.
 F = Levels seen in this place.
 G = Mean time per level.
                   A        B        C        D        E       F      G
               +--------+--------+--------+--------+--------+-----+--------+
         Total |    133 |    133 |      0 |     25 |      0 |   1 |  133.0 |
       Dungeon |    133 |    133 |      0 |     25 |      0 |   1 |  133.0 |
               +--------+--------+--------+--------+--------+-----+--------+

Top non-repeatable levels by time:
       D: 133 daAuts
